 Dungeon Crawl Stone Soup version 0.30-a0-1085-g990a428a5c (webtiles) character file.

Game seed: 10929034925878620818

46 CowFu the Firebug (level 3, 0/26 HPs)
             Began as a Demigod Fire Elementalist on Apr 17, 2023.
             Slain by an orc
             ... wielding a +0 trident
              (1 damage)
             ... on level 3 of the Dungeon.
             The game lasted 00:02:13 (3087 turns).

CowFu the Firebug (Demigod Fire Elementalist)       Turns: 3087, Time: 00:02:14

Health: 0/26       AC:  3    Str:  9    XL:     3   Next: 27%
Magic:  0/8        EV: 12    Int: 21    God:
Gold:   99         SH:  0    Dex: 20    Spells: 2/5 levels left

rFire   . . .      SeeInvis .    g - +0 spear
rCold   . . .      Faith    .    (no shield)
rNeg    . . .      Spirit   .    a - +0 robe
rPois   .          Reflect  .    h - +0 helmet
rElec   .          Rampage  .    (no cloak)
rCorr   .                        (no gloves)
Will    .....                    (no boots)
Stlth   ++                       (no amulet)
HPRegen 0.24/turn                j - +6 ring of dexterity
MPRegen 0.11/turn                (no ring)

@: no status effects
A: high MP 1, forlorn, divine attributes
a: no special abilities


You were on level 3 of the Dungeon.
You visited 1 branch of the dungeon, and saw 3 of its levels.

You collected 99 gold pieces.

Inventory:

Hand Weapons
 g - a +0 spear (weapon)
Armour
 a - a +0 robe (worn)
 h - a +0 helmet (worn)
Jewellery
 j - a +6 ring of dexterity (left hand)
Scrolls
 c - a scroll of blinking
 i - a scroll of teleportation {unknown}
 l - a scroll of fog {unknown}
 m - a scroll of identify {unknown}
 n - a scroll of noise {unknown}
Potions
 b - a potion of magic
 f - a potion of experience {unknown}
 k - a potion of might {unknown}


   Skills:
 - Level 1.7 Dodging
 - Level 1.7 Stealth
 - Level 1.7 Spellcasting
 - Level 0.8 Conjurations
 + Level 4.1 Fire Magic


You had 2 spell levels left.
You knew the following spells:

 Your Spells              Type           Power      Damage    Failure   Level
a - Foxfire               Conj/Fire      48%        2x1d6     5%          1
b - Scorch                Fire           38%        2d6       4%          2

Your spell library contained the following spells:

 Spells                   Type           Power      Damage    Failure   Level
 Inner Flame              Hex/Fire       10%        N/A       19%         3
 Volatile Blastmotes      Fire/Tloc      20%        2d11      19%         3
 Flame Wave               Conj/Fire      12%        2d6       47%         4


Dungeon Overview and Level Annotations

Branches:
Dungeon (3/15)


Innate Abilities, Weirdness & Mutations

You have an increased reservoir of magic. (+10% MP)
You shall have no god before yourself.
Your divine heritage dramatically boosts your attributes as you level up.


Message History

Casting: Scorch (safe; 4% risk of failure)
Confirm with . or Enter, or press ? or * to list all spells.
You conjure some foxfire!
The hobgoblin hits you with a +0 rapier.
* * * LOW HITPOINT WARNING * * *
The hobgoblin barely misses you. The hobgoblin attacks as you move away!
The hobgoblin hits you.
* * * LOW HITPOINT WARNING * * *
The foxfire hits the hobgoblin.
The hobgoblin is heavily wounded.
The foxfire hits the orc.
The orc is severely wounded.
Casting: Foxfire (safe; 5% risk of failure)
Confirm with . or Enter, or press ? or * to list all spells.
You don't have enough magic to cast this spell.
You feel better. The hobgoblin closely misses you.
The hobgoblin attacks as you move away! The hobgoblin closely misses you.
The frilled lizard hisses angrily.
Casting: Foxfire (safe; 5% risk of failure)
Confirm with . or Enter, or press ? or * to list all spells.
You conjure some foxfire!
The hobgoblin hits you with a +0 rapier.
* * * LOW HITPOINT WARNING * * *
The orc hits you with a +0 club.
* * * LOW HITPOINT WARNING * * *
The foxfire hits the orc.
You kill the orc!
The foxfire hits the hobgoblin.
You kill the hobgoblin!
There is a stone staircase leading up here.
You feel better.
The hobgoblin hits you with a +0 rapier.
* * * LOW HITPOINT WARNING * * *
The frilled lizard barely misses you. The orc misses you.
The hobgoblin hits you with a +0 rapier.
* * * LOW HITPOINT WARNING * * *
The orc closely misses you.
The frilled lizard bites you but does no damage.
The orc hits you from afar with a +0 trident.
You die...

.###.##...........#
#................#
.......###.......#
..##...###.......##
. #.#............#
.....##......##.#
....#.###.go).# #
.......##..go.##
........@...#
...#....)l..#
.........#..#
....#....#.....
......#.........
..##.....#..#... ..
####......... #.##
.....


You could see 2 orcs, a hobgoblin, a goblin and a frilled lizard.

Vanquished Creatures
  2 dart slugs (D:1)
  3 orcs (D:3)
  3 endoplasms
  A giant cockroach (D:1)
  4 hobgoblins
  3 quokkas (D:1)
  2 ball pythons (D:1)
  7 bats
  2 frilled lizards (D:1)
  4 goblins
  A kobold (D:1)
  5 rats
37 creatures vanquished.

Vanquished Creatures (others)
  245 foxfires
245 creatures vanquished.

Grand Total: 282 creatures vanquished

Notes
Turn   | Place    | Note
-------+----------+-------------------------------------------
     0 | D:1      | CowFu the Demigod Fire Elementalist began the quest for the
                  | Orb.
     0 | D:1      | Reached XP level 1. HP: 14/14 MP: 5/5
    10 | D:1      | Noticed an electric eel
   106 | D:1      | Reached skill level 3 in Fire Magic
   524 | D:1      | Reached XP level 2. HP: 16/20 MP: 0/7
  2022 | D:2      | Reached XP level 3. HP: 26/26 MP: 3/8
  2476 | D:2      | Reached skill level 4 in Fire Magic
  2996 | D:3      | Learned a level 2 spell: Scorch
  3087 | D:3      | HP: 1/26 [hobgoblin/+0 rapier (5)]
  3087 | D:3      | Slain by an orc

Illustrated notes

Levels and vault maps discovered:
D:1:      arrival_aquarium_a, layout_loops_ring, st_stairs_3,
          lemuel_flame_loot_1
D:2:      layout_loops_ring, serial_aquarium, aquarium_bridge_straight
          [aquarium_subvault_bridge, aquarium_subvault_wall,
          aquarium_subvault_bridge, aquarium_subvault_wall],
          aquarium_bridge_square [aquarium_subvault_window,
          aquarium_subvault_bridge, aquarium_subvault_bridge,
          aquarium_subvault_wall], aquarium_window_corner, aquarium_window_fake,
          aquarium_view_2d, hellmonk_ecumenical_altar_run_dry
D:3:      layout_rooms

Skill      XL: |  1  2  3 |
---------------+----------+-----
Fire Magic     | 3 4 |  4.1
Dodging        | |  1.7
Stealth        | |  1.7
Spellcasting   | |  1.7
Conjurations   | |  0.8

Action                     || total
---------------------------++-------
  Melee: Spear             ||    17
         Unarmed           ||     9
   Cast: Foxfire           ||   157
         Scorch            ||     4
    Use: Scroll            ||     2
         Potion            ||     2
   Stab: Sleeping          ||     1
 Armour: Robe              ||     8
  Dodge: Dodged            ||    36

Table legend: (Time is in decaauts)
 A = Elapsed time spent in this place.
 B = Non-inter-level travel time spent in this place.
 C = Inter-level travel time spent in this place.
 D = Time resting spent in this place.
 E = Time spent auto-exploring this place.
 F = Levels seen in this place.
 G = Mean time per level.
                   A        B        C        D        E       F      G
               +--------+--------+--------+--------+--------+-----+--------+
         Total |   3087 |   2958 |    129 |      0 |   2597 |   3 | 1029.0 |
       Dungeon |   3087 |   2958 |    129 |      0 |   2597 |   3 | 1029.0 |
               +--------+--------+--------+--------+--------+-----+--------+

Top non-repeatable levels by time:
     D:1: 1492 daAuts
     D:2: 1482 daAuts
     D:3: 112 daAuts
